[ AOE2 MATCH · #485650407 ]
UnrankedSpanish vs Maya
Player's team · LOSS
Rival team · WIN
[ REPLAY ANALYSIS · EXTRACTED FROM THE RECORDED GAME ]
Feudal
10:31
Castle
15:41
Imperial
—
| APM avg | 56.2 |
| APM peak | 93 |
| eAPM avg | 18.9 |
| Villagers / military | 72 / 84 |
Focus
⚔️ 46.0% · 🌾 54.0%
Conquistador ×62 · Mangonel ×22
Feudal
12:52
Castle
16:27
Imperial
42:11
| APM avg | 68.0 |
| APM peak | 119 |
| eAPM avg | 27.7 |
| Villagers / military | 115 / 146 |
Focus
⚔️ 41.2% · 🌾 58.8%
Plumed Archer ×85 · Archer ×58 · Militia ×3
Match map
Initial resources + every placement click. Lines = walls · curves = elevation contours. ◆ gold · ⬟ stone · ● berries · ✦ relic · ◌ wall gap
Your base· Open — opponent sealed themselves in
Delta65's base· ✓ Closed at 16:27 · 43t walls · 1 gate(s)
Smoothed initial terrain · ◌ = detected wall gap · hover for details
Inputs per minute
— Champi Warrior - - Delta65
Build order — Champi Warrior
First 150 of 226 actions detected
| 0:01 | Create | Villager (Male) |
| 0:01 | Create | Villager (Male) |
| 0:01 | Create | Villager (Male) |
| 0:01 | Create | Villager (Male) |
| 0:02 | Create | Villager (Male) |
| 0:02 | Build | House |
| 0:04 | Build | House |
| 1:24 | Create | Villager (Male) |
| 1:25 | Create | Villager (Male) |
| 1:50 | Build | Lumber Camp |
| 1:54 | Create | Villager (Male) |
| 2:25 | Create | Villager (Male) |
| 2:25 | Create | Villager (Male) |
| 2:37 | Build | House |
| 2:46 | Create | Villager (Male) |
| 2:46 | Create | Villager (Male) |
| 3:06 | Create | Villager (Male) |
| 3:07 | Create | Villager (Male) |
| 3:37 | Create | Villager (Male) |
| 3:38 | Create | Villager (Male) |
| 4:13 | Create | Villager (Male) |
| 4:13 | Create | Villager (Male) |
| 4:14 | Create | Villager (Male) |
| 4:51 | Create | Villager (Male) |
| 4:51 | Create | Villager (Male) |
| 5:17 | Build | House |
| 5:25 | Create | Villager (Male) |
| 5:25 | Create | Villager (Male) |
| 5:43 | Create | Villager (Male) |
| 6:01 | Create | Villager (Male) |
| 6:27 | Build | Palisade Wall |
| 6:28 | Create | Villager (Male) |
| 6:41 | Create | Villager (Male) |
| 6:51 | Build | Mining Camp |
| 7:48 | Research | Loom |
| 7:59 | Research | Feudal Age |
| 8:40 | Build | Palisade Wall |
| 8:41 | Build | Palisade Wall |
| 8:42 | Build | Palisade Wall |
| 8:46 | Build | Palisade Wall |
| 9:18 | Build | Palisade Wall |
| 10:02 | Create | Villager (Male) |
| 10:02 | Create | Villager (Male) |
| 10:31 | Age | Feudal Age |
| 10:42 | Build | Mill |
| 10:52 | Build | Blacksmith |
| 11:16 | Build | House |
| 11:19 | Build | Market |
| 11:21 | Create | Villager (Male) |
| 12:51 | Build | Farm |
| 13:01 | Research | Castle Age |
| 13:01 | Research | Castle Age |
| 13:14 | Build | House |
| 13:19 | Build | Farm |
| 13:44 | Build | Farm |
| 13:46 | Build | Farm |
| 14:15 | Build | Farm |
| 15:11 | Research | Double-Bit Axe |
| 15:40 | Create | Villager (Male) |
| 15:41 | Age | Castle Age |
| 15:46 | Build | Castle |
| 15:51 | Create | Villager (Male) |
| 15:56 | Build | Mining Camp |
| 16:33 | Create | Villager (Male) |
| 16:50 | Create | Conquistador |
| 16:50 | Create | Conquistador |
| 17:00 | Create | Villager (Male) |
| 17:14 | Create | Conquistador |
| 17:15 | Create | Villager (Male) |
| 17:21 | Build | Farm |
| 17:43 | Create | Conquistador |
| 17:44 | Create | Conquistador |
| 18:10 | Create | Conquistador |
| 18:10 | Create | Conquistador |
| 18:17 | Create | Villager (Male) |
| 18:30 | Build | Siege Workshop |
| 18:45 | Create | Conquistador |
| 18:46 | Create | Conquistador |
| 18:46 | Create | Conquistador |
| 18:53 | Build | Farm |
| 19:21 | Create | Villager (Male) |
| 19:23 | Create | Mangonel |
| 19:24 | Create | Mangonel |
| 19:45 | Build | Farm |
| 19:58 | Create | Conquistador |
| 19:58 | Create | Conquistador |
| 20:09 | Build | Farm |
| 20:11 | Create | Conquistador |
| 20:11 | Create | Conquistador |
| 20:11 | Create | Conquistador |
| 20:18 | Create | Villager (Male) |
| 21:15 | Create | Conquistador |
| 21:15 | Create | Conquistador |
| 21:15 | Create | Conquistador |
| 21:35 | Create | Mangonel |
| 21:46 | Create | Villager (Male) |
| 22:07 | Create | Villager (Male) |
| 22:08 | Build | Farm |
| 22:09 | Build | Farm |
| 22:10 | Build | Farm |
| 22:26 | Create | Conquistador |
| 22:26 | Create | Conquistador |
| 22:47 | Create | Mangonel |
| 22:48 | Create | Mangonel |
| 22:48 | Create | Mangonel |
| 22:53 | Create | Villager (Male) |
| 22:53 | Create | Villager (Male) |
| 23:30 | Create | Conquistador |
| 23:30 | Create | Conquistador |
| 23:39 | Build | House |
| 23:50 | Create | Villager (Male) |
| 23:50 | Create | Villager (Male) |
| 23:50 | Create | Villager (Male) |
| 23:56 | Build | Lumber Camp |
| 24:22 | Create | Conquistador |
| 24:23 | Create | Conquistador |
| 24:41 | Create | Villager (Male) |
| 25:19 | Create | Conquistador |
| 25:20 | Create | Conquistador |
| 25:21 | Create | Mangonel |
| 25:21 | Create | Mangonel |
| 25:47 | Create | Villager (Male) |
| 26:09 | Create | Villager (Male) |
| 26:10 | Build | Farm |
| 26:18 | Create | Conquistador |
| 26:18 | Create | Conquistador |
| 27:00 | Create | Mangonel |
| 27:01 | Create | Mangonel |
| 28:09 | Create | Mangonel |
| 28:09 | Create | Mangonel |
| 28:57 | Create | Conquistador |
| 29:08 | Create | Villager (Male) |
| 29:11 | Build | Farm |
| 29:47 | Create | Mangonel |
| 30:12 | Create | Mangonel |
| 30:41 | Create | Conquistador |
| 30:41 | Create | Conquistador |
| 30:41 | Create | Conquistador |
| 31:52 | Create | Villager (Male) |
| 32:49 | Create | Villager (Male) |
| 32:58 | Create | Conquistador |
| 32:59 | Create | Conquistador |
| 33:06 | Create | Villager (Male) |
| 33:07 | Build | Farm |
| 33:21 | Build | Farm |
| 33:22 | Build | Farm |
| 33:23 | Build | Farm |
| 33:35 | Build | Farm |
| 33:35 | Build | Farm |
| 33:56 | Create | Conquistador |
Build order — Delta65
First 150 of 365 actions detected
| 0:01 | Create | Villager (Male) |
| 0:01 | Create | Villager (Male) |
| 0:01 | Create | Villager (Male) |
| 0:02 | Create | Villager (Male) |
| 0:02 | Build | House |
| 0:07 | Build | House |
| 0:12 | Research | Loom |
| 0:13 | Research | Loom |
| 0:13 | Create | Villager (Male) |
| 0:13 | Create | Villager (Male) |
| 0:14 | Create | Villager (Male) |
| 0:14 | Create | Villager (Male) |
| 0:14 | Create | Villager (Male) |
| 1:16 | Create | Villager (Male) |
| 1:17 | Create | Villager (Male) |
| 1:48 | Create | Villager (Male) |
| 1:48 | Create | Villager (Male) |
| 1:56 | Build | Lumber Camp |
| 2:18 | Create | Villager (Male) |
| 2:18 | Create | Villager (Male) |
| 2:38 | Create | Villager (Male) |
| 2:38 | Create | Villager (Male) |
| 3:20 | Build | House |
| 3:50 | Create | Villager (Male) |
| 3:50 | Create | Villager (Male) |
| 3:50 | Create | Villager (Male) |
| 4:38 | Create | Villager (Male) |
| 4:38 | Create | Villager (Male) |
| 4:39 | Create | Villager (Male) |
| 4:44 | Build | House |
| 4:51 | Create | Villager (Male) |
| 5:09 | Build | Barracks |
| 5:30 | Create | Villager (Male) |
| 5:31 | Create | Villager (Male) |
| 5:39 | Create | Villager (Male) |
| 5:39 | Create | Villager (Male) |
| 5:49 | Build | House |
| 6:07 | Create | Militia |
| 6:08 | Create | Militia |
| 6:11 | Create | Militia |
| 6:26 | Build | Mill |
| 6:36 | Create | Villager (Male) |
| 6:46 | Build | Palisade Wall |
| 6:59 | Create | Villager (Male) |
| 7:02 | Create | Villager (Male) |
| 7:18 | Build | Mill |
| 7:39 | Build | House |
| 7:45 | Create | Villager (Male) |
| 8:01 | Create | Villager (Male) |
| 8:07 | Create | Villager (Male) |
| 8:11 | Build | Palisade Wall |
| 8:35 | Build | Palisade Wall |
| 8:37 | Build | Palisade Gate |
| 8:42 | Create | Villager (Male) |
| 9:17 | Build | Palisade Wall |
| 9:19 | Build | Palisade Wall |
| 9:21 | Create | Villager (Male) |
| 9:24 | Build | Mining Camp |
| 9:38 | Create | Villager (Male) |
| 10:14 | Create | Villager (Male) |
| 10:17 | Build | Farm |
| 10:18 | Build | Farm |
| 10:40 | Build | House |
| 10:40 | Research | Feudal Age |
| 10:41 | Research | Feudal Age |
| 12:00 | Create | Villager (Male) |
| 12:08 | Build | House |
| 12:52 | Age | Feudal Age |
| 12:55 | Build | Archery Range |
| 12:58 | Build | Blacksmith |
| 13:26 | Build | Farm |
| 13:31 | Build | Farm |
| 13:41 | Create | Archer |
| 13:47 | Research | Castle Age |
| 13:48 | Research | Castle Age |
| 14:03 | Create | Archer |
| 14:19 | Build | Farm |
| 14:20 | Build | Farm |
| 14:40 | Research | Fletching |
| 14:40 | Research | Fletching |
| 14:42 | Create | Archer |
| 15:00 | Build | Farm |
| 15:02 | Build | Farm |
| 15:04 | Research | Double-Bit Axe |
| 15:22 | Create | Archer |
| 15:22 | Create | Archer |
| 15:40 | Build | House |
| 16:20 | Create | Villager (Male) |
| 16:21 | Research | Horse Collar |
| 16:24 | Create | Archer |
| 16:26 | Build | House |
| 16:27 | Age | Castle Age |
| 16:34 | Research | Crossbowman (upgrade) |
| 16:58 | Create | Archer |
| 16:58 | Create | Archer |
| 17:00 | Build | Archery Range |
| 17:03 | Build | House |
| 17:05 | Build | House |
| 17:06 | Create | Villager (Male) |
| 17:06 | Create | Villager (Male) |
| 17:38 | Create | Villager (Male) |
| 17:39 | Create | Archer |
| 17:40 | Create | Archer |
| 18:01 | Create | Archer |
| 18:01 | Create | Archer |
| 18:05 | Build | Archery Range |
| 18:08 | Create | Archer |
| 18:08 | Create | Archer |
| 18:08 | Create | Villager (Male) |
| 18:09 | Create | Villager (Male) |
| 18:23 | Build | House |
| 18:29 | Research | Bodkin Arrow |
| 18:32 | Create | Villager (Male) |
| 18:32 | Create | Villager (Male) |
| 18:44 | Create | Archer |
| 18:44 | Create | Archer |
| 18:49 | Create | Villager (Male) |
| 18:55 | Build | House |
| 18:56 | Build | House |
| 18:57 | Create | Villager (Male) |
| 19:05 | Create | Archer |
| 19:06 | Create | Archer |
| 19:06 | Create | Archer |
| 19:25 | Create | Villager (Male) |
| 19:40 | Create | Archer |
| 19:40 | Create | Archer |
| 19:59 | Create | Villager (Male) |
| 20:06 | Research | Bow Saw |
| 20:08 | Create | Archer |
| 20:08 | Create | Archer |
| 20:08 | Create | Archer |
| 20:08 | Create | Archer |
| 20:36 | Create | Villager (Male) |
| 21:25 | Create | Archer |
| 21:25 | Create | Archer |
| 21:26 | Create | Archer |
| 21:37 | Create | Villager (Male) |
| 21:39 | Build | Mining Camp |
| 21:44 | Create | Archer |
| 21:44 | Create | Archer |
| 21:44 | Create | Archer |
| 22:05 | Create | Villager (Male) |
| 22:10 | Build | University |
| 22:11 | Create | Archer |
| 22:11 | Create | Archer |
| 22:12 | Create | Archer |
| 22:12 | Create | Archer |
| 22:12 | Create | Archer |
| 22:29 | Create | Villager (Male) |
| 22:45 | Research | Stone Mining |
Match timeline
| 5:09 | Delta65 · first_building Barracks |
| 6:27 | Champi Warrior · wall_segment Palisade Wall x9 |
| 6:46 | Delta65 · wall_segment Palisade Wall x10 |
| 8:11 | Delta65 · wall_segment Palisade Wall x15 |
| 8:35 | Delta65 · wall_segment Palisade Wall x5 |
| 8:40 | Champi Warrior · wall_segment Palisade Wall x1 |
| 8:41 | Champi Warrior · wall_segment Palisade Wall x1 |
| 8:42 | Champi Warrior · wall_segment Palisade Wall x1 |
| 8:46 | Champi Warrior · wall_segment Palisade Wall x1 |
| 9:17 | Delta65 · wall_segment Palisade Wall x5 |
| 9:18 | Champi Warrior · wall_segment Palisade Wall x1 |
| 9:19 | Delta65 · wall_segment Palisade Wall x8 |
| 10:31 | Champi Warrior · age_up feudal |
| 12:20 | Champi Warrior · first_market_sell 100 stone |
| 12:52 | Delta65 · age_up feudal |
| 12:55 | Delta65 · first_building Archery Range |
| 12:57 | Champi Warrior · first_market_buy 100 food |
| 15:41 | Champi Warrior · age_up castle |
| 15:46 | Champi Warrior · first_building Castle |
| 16:27 | Delta65 · age_up castle |
| 18:30 | Champi Warrior · first_building Siege Workshop |
| 24:41 | Delta65 · first_building Castle |
| 31:47 | Delta65 · first_market_sell 100 wood |
| 33:48 | Delta65 · wall_segment Stone Wall x8 |
| 33:50 | Delta65 · wall_segment Stone Wall x9 |
| 34:11 | Champi Warrior · wall_segment Palisade Wall x1 |
| 35:04 | Delta65 · first_market_buy 100 wood |
| 38:39 | Champi Warrior · first_building Barracks |
| 38:48 | Delta65 · wall_segment Stone Wall x12 |
| 42:11 | Delta65 · age_up imperial |
| 43:44 | Champi Warrior · first_building Stable |
| 45:29 | Champi Warrior · resign |
[ AI ANALYSIS · 1 CREDIT ]
What really happened in this match?
Wolo.gg analyzes every decision: build order, eco, micro, common mistakes by bracket. Personalized analysis on WhatsApp or Discord in 30 seconds.
Civ guide
Spanish
Perfil
Jugador #4358030